[Event "Early-Titled-Tuesday-Blitz-January-23-2024"]
[Site "Chess.com"]
[Date "2024.01.23"]
[Round "10"]
[White "Statham_01"]
[Black "Der_Balak_3Halak"]
[Result "1-0"]
[WhiteElo "2536"]
[BlackElo "2345"]
[TimeControl "180+1"]
[EndTime "9:54:01 PST"]
[Termination "Statham_01 won by resignation"]

1. e4 c5 2. Nf3 Nc6 3. c3 Nf6 4. e5 Nd5 5. d4 cxd4 6. cxd4 d6 7. Nc3 Nxc3 8. bxc3 dxe5 9. d5 e4 10. Ng5 Ne5 11. Qd4 Nd3+ 12. Bxd3 exd3 13. O-O Bf5 14. Ba3 e5 15. Qxe5+ Be6 16. dxe6 Bxa3 17. Nxf7 Qh4 18. Nxh8 Rd8 19. Qxg7 1-0

[Event "Early-Titled-Tuesday-Blitz-January-23-2024"]
[Site "Chess.com"]
[Date "2024.01.23"]
[Round "10"]
[White "monomita"]
[Black "yaguigor"]
[Result "1-0"]
[WhiteElo "2830"]
[BlackElo "2638"]
[TimeControl "180+1"]
[EndTime "9:54:03 PST"]
[Termination "monomita won by resignation"]

1. d4 d5 2. c4 c6 3. cxd5 cxd5 4. Nc3 Nf6 5. Bf4 Nc6 6. Nf3 Bf5 7. e3 e6 8. Ne5 Nxe5 9. dxe5 Nd7 10. e4 dxe4 11.
Qa4 Qb6 12. Rd1 O-O-O 13. Bb5 Nc5 14. Rxd8+ Kxd8 15. Qd4+ Kc8 16. O-O Be7 17. b4 Rd8 18. bxc5 Bxc5 19. Qc4 Rd4 20. Na4 1-0

[Event "Early-Titled-Tuesday-Blitz-January-23-2024"]
[Site "Chess.com"]
[Date "2024.01.23"]
[Round "10"]
[White "supereagles1201"]
[Black "RandomNoob04"]
[Result "1/2-1/2"]
[WhiteElo "2397"]
[BlackElo "2570"]
[TimeControl "180+1"]
[EndTime "9:54:06 PST"]
[Termination "Game drawn by repetition"]

1. d4 Nf6 2. Bg5 e6 3. Nd2 h6 4.
Bh4 d5 5. e3 Be7 6. Ngf3 O-O 7.
Bd3 c5 8. c3 b6 9. Ne5 Nfd7 10.
Bg3 Nxe5 11. dxe5 Ba6 12. Bc2 d4 13. Be4 dxe3 14. Bxa8 exd2+ 15. Qxd2 Qc7 16. O-O-O Rd8 17. Qe3 Nd7 18. Be4 Rc8 19. f4 c4 20. Rd2 Nc5 21.
Qe2 Nd3+ 22. Kb1 Qc5 23. Rhd1 Qa5 24. Rxd3 cxd3 25. Bxd3 Bb7 26. Be4 Ba6 27. Bd3 Bb7 28. Be4 Ba6 29. Bd3 1/2-1/2

[Event "Early-Titled-Tuesday-Blitz-January-23-2024"]
[Site "Chess.com"]
[Date "2024.01.23"]
[Round "10"]
[White "maurovargas01"]
[Black "campochess"]
[Result "0-1"]
[WhiteElo "1842"]
[BlackElo "2084"]
[TimeControl "180+1"]
[EndTime "9:54:06 PST"]
[Termination "campochess won by resignation"]

1. e4 c5 2. Nf3 Nc6 3. d4 cxd4 4. Nxd4 Qb6 5. c3 e5 6. Nf5 d5 7. exd5 Bxf5 8. dxc6 bxc6 9. Be3 Qxb2 10. Qf3 Bd7 11. Bc4 Nf6 12. O-O Qxa1 13. Qe2 Rb8 14. Qc2 Qb2 15. Qa4 Be7 16. h3 O-O 17. Qxa7 Qb7 18. Qa3 Bxa3 0-1

[Event "Early-Titled-Tuesday-Blitz-January-23-2024"]
[Site "Chess.com"]
[Date "2024.01.23"]
[Round "10"]
[White "Korchmar_Vasiliy"]
[Black "tandaleo"]
[Result "1-0"]
[WhiteElo "2729"]
[BlackElo "2555"]
[TimeControl "180+1"]
[EndTime "9:54:11 PST"]
[Termination "Korchmar_Vasiliy won by resignation"]

1. e4 e5 2. Nf3 Nc6 3. Bc4 Bc5 4. c3 Nf6 5. d3 d6 6. Bg5 h6 7. Bh4 g5 8. Bg3 Be6 9. Bxe6 fxe6 10. Qb3 Qd7 11. O-O O-O-O 12. a4 h5 13. h4 g4 14. Ng5 Rhe8 15. Qc2 a6 16. b4 Ba7 17. b5 Na5 18.
bxa6 bxa6 19. Nd2 Nh7 20. Nxh7 Qxh7 21. Rab1 Kd7 22. Nb3 Nc6 23. d4 exd4 24. cxd4 d5 25. Rfc1 Qxe4 26. Qxc6+ Ke7 27. Re1 Qf5 28. Nc5 Bxc5 29.
Qxc5+ Kf7 30. Qxc7+ Kg6 31. Rb7 1-0

[Event "Early-Titled-Tuesday-Blitz-January-23-2024"]
[Site "Chess.com"]
[Date "2024.01.23"]
[Round "10"]
[White "GlavkonVVS"]
[Black "grzechu96"]
[Result "0-1"]
[WhiteElo "2496"]
[BlackElo "2696"]
[TimeControl "180+1"]
[EndTime "9:54:21 PST"]
[Termination "grzechu96 won by resignation"]

1. c4 e5 2. Nc3 Nf6 3. g3 d5 4. cxd5 Nxd5 5. Bg2 Nb6 6. Nf3 Nc6 7. d3 Be7 8. O-O O-O 9. a3 Re8 10.
b4 Bf8 11. b5 Nd4 12. Nd2 a6 13. bxa6 Rxa6 14. e3 Ne6 15. Nc4 Nxc4 16. dxc4 Nc5 17. Bb2 c6 18. Qc2 Qd3 19. Be4 Qxc2 20. Bxc2 Be6 21.
Ne4 Nxe4 22. Bxe4 Bxc4 23. Rfd1 Be6 24. Bd3 Ra5 25. Bxe5 Rxe5 0-1

[Event "Early-Titled-Tuesday-Blitz-January-23-2024"]
[Site "Chess.com"]
[Date "2024.01.23"]
[Round "10"]
[White "SmirnovTimofey2000"]
[Black "pr1105"]
[Result "0-1"]
[WhiteElo "1955"]
[BlackElo "2279"]
[TimeControl "180+1"]
[EndTime "9:54:25 PST"]
[Termination "pr1105 won by resignation"]

1. e4 e5 2. Nf3 Nc6 3. Bc4 Nf6 4. Ng5 d5 5. exd5 Na5 6. Bb5+ c6 7. dxc6 bxc6 8.
Bd3 Nd5 9. Nf3 Bd6 10. O-O Nf4 11. Be2 O-O 12. d3 Nxe2+ 13. Qxe2 Bg4 14. Nbd2 f5 15.
h3 Bh5 16. Qe1 Qf6 17. Nh2 Rae8 18. Nc4 Nxc4 19. dxc4 e4 20. Rb1 Qe5 21. g3 Qc5 22. b3 Bxg3 23. Be3 Bxh2+ 24. Kxh2 Qe5+ 25. Kh1 Bf3+ 26. Kg1 f4 27. Bxf4 Rxf4 0-1

[Event "Early-Titled-Tuesday-Blitz-January-23-2024"]
[Site "Chess.com"]
[Date "2024.01.23"]
[Round "10"]
[White "JoliyRoger"]
[Black "Crazy_girl99"]
[Result "1-0"]
[WhiteElo "2498"]
[BlackElo "2595"]
[TimeControl "180+1"]
[EndTime "9:54:26 PST"]
[Termination "JoliyRoger won by resignation"]

1. d4 Nf6 2. c4 e6 3. Nf3 d5 4. e3 b6 5. Nc3 Bb7 6. b3 Nbd7 7. Bb2 Bb4 8. Bd3 O-O 9. O-O a5 10. a3 Be7 11. Qc2 c5 12. cxd5 exd5 13. Rfd1 Rc8 14. Qe2 Re8 15. Ba6 Qc7 16. Bxb7 Qxb7 17. Qb5 Bd6 18.
Na4 c4 19. Ne5 Nxe5 20. dxe5 Bxe5 21. Bxe5 Rxe5 22. bxc4 Rxc4 23. Qxb6 Qc8 24. Qb2 Qg4 25. Qxe5 Re4 26. Qb8+ Re8 27. Qb5 h5 28. Rd4 Qg5 29. Rf4 Re6 30. Nc5 Re5 31. Nd7 Nxd7 32. Qxd7 h4 33.
Qxf7+ Kh8 34. h3 1-0

[Event "Early-Titled-Tuesday-Blitz-January-23-2024"]
[Site "Chess.com"]
[Date "2024.01.23"]
[Round "10"]
[White "Ural_bogatyr"]
[Black "Ginger_GM"]
[Result "0-1"]
[WhiteElo "2529"]
[BlackElo "2677"]
[TimeControl "180+1"]
[EndTime "9:54:29 PST"]
[Termination "Ginger_GM won by resignation"]

1. d4 Nf6 2. Nc3 e6 3. e4 d5 4.
Bg5 dxe4 5. Nxe4 Be7 6. Nxf6+ Bxf6 7. Bxf6 Qxf6 8. Nf3 O-O 9. Qd3 b6 10. Qe4 c6 11.
Bd3 g6 12. h4 Ba6 13. c4 b5 14. b3 bxc4 15. bxc4 Qf5 16. Qxf5 gxf5 17. Kd2 Nd7 18. Rab1 Rfd8 19. Kc3 Nb6 20. Rb4 Rac8 21. Rbb1 c5 22. d5 exd5 23. Bxf5 d4+ 24. Kc2 Rc7 25. h5 Nxc4 26.
Rb3 Nd6 27. g4 c4 28. Ra3 d3+ 29. Kd2 Bb7 30. Rh3 Nb5 0-1

[Event "Early-Titled-Tuesday-Blitz-January-23-2024"]
[Site "Chess.com"]
[Date "2024.01.23"]
[Round "10"]
[White "Zallio"]
[Black "KVAIDAN"]
[Result "0-1"]
[WhiteElo "2199"]
[BlackElo "2360"]
[TimeControl "180+1"]
[EndTime "9:54:32 PST"]
[Termination "KVAIDAN won by resignation"]

1. e4 e5 2. Nf3 d5 3. exd5 e4 4. Qe2 Nf6 5. Nc3 Be7 6. Ng5 O-O 7. Ngxe4 Nxe4 8. Qxe4 Bf6 9. Qf3 Re8+ 10. Be2 Bxc3 11.
bxc3 Qe7 12. d3 Qe5 13. d4 Qe7 14.
Be3 Qa3 15. O-O Qxc3 16. Bd3 Nd7 17. Rab1 Qa5 18. Qg3 Qxd5 19. Rb5 Qd6 20. Qh4 Nf8 21. Bf4 Qxd4 22. Rh5 g6 23. Rb5 Ne6 24. Re5 Bd7 25. Re4 Qc5 26. Be5 Qf8 27. Qxh7+ Kxh7 28. Rh4+ Qh6 0-1

[Event "Early-Titled-Tuesday-Blitz-January-23-2024"]
[Site "Chess.com"]
[Date "2024.01.23"]
[Round "10"]
[White "sonicdravise"]
[Black "Bkmzzzzz"]
[Result "1-0"]
[WhiteElo "2614"]
[BlackElo "2392"]
[TimeControl "180+1"]
[EndTime "9:54:36 PST"]
[Termination "sonicdravise won by resignation"]

1. d4 d5 2. c4 dxc4 3. Nf3 a6 4. e3 Nf6 5. Bxc4 e6 6. O-O c5 7. Bb3 Be7 8. Qe2 cxd4 9. exd4 O-O 10. Nc3 Nbd7 11. Bg5 Nb6 12. Rad1 Nfd5 13. Bd2 Bf6 14.
Rfe1 Bd7 15. Bc2 Bc6 16. Qd3 g6 17. Ne4 Bg7 18. Ne5 Bb5 19. Qh3 Rc8 20. Ng5 Nf6 21.
Nexf7 Rxf7 22. Nxf7 Kxf7 23. Qxe6+ Kf8 24. Bb4+ 1-0

[Event "Early-Titled-Tuesday-Blitz-January-23-2024"]
[Site "Chess.com"]
[Date "2024.01.23"]
[Round "10"]
[White "SpongeBob_03"]
[Black "stepanosinovsky"]
[Result "0-1"]
[WhiteElo "2218"]
[BlackElo "2371"]
[TimeControl "180+1"]
[EndTime "9:54:47 PST"]
[Termination "stepanosinovsky won by checkmate"]

1. e4 e5 2. Nf3 Nc6 3. Bc4 Nf6 4. d3 Be7 5. c3 d5 6. exd5 Nxd5 7. Nbd2 Nf4 8. Nf1 Nxg2+ 9. Ke2 e4 10. dxe4 Qxd1+ 11. Kxd1 Bg4 12. Nd2 O-O-O 13. Kc2 Bh5 14. Rg1 Nf4 15. Rxg7 Ne6 16. Bxe6+ fxe6 17. Rxe7 Nxe7 18.
Ne5 Rhf8 19. f3 Ng6 20. Nxg6 hxg6 21. b3 Bxf3 22. Nxf3 Rxf3 23. Ba3 Rf2+ 24. Kc1 Rf1+ 25.
Kb2 Rd2# 0-1

[Event "Early-Titled-Tuesday-Blitz-January-23-2024"]
[Site "Chess.com"]
[Date "2024.01.23"]
[Round "10"]
[White "Viktor_Poddubnyi"]
[Black "stratacticos"]
[Result "1-0"]
[WhiteElo "2245"]
[BlackElo "2019"]
[TimeControl "180+1"]
[EndTime "9:54:54 PST"]
[Termination "Viktor_Poddubnyi won by resignation"]

1. e4 c5 2. Nf3 Nc6 3. d4 cxd4 4. Nxd4 e5 5. Nb5 a6 6. Nd6+ Bxd6 7. Qxd6 Qf6 8.
Qxf6 Nxf6 9. Nc3 Nb4 10. Bd3 Nxd3+ 11. cxd3 d6 12. Bg5 Be6 13. Kd2 h6 14. Bxf6 gxf6 15.
Rac1 Ke7 16. b3 b5 17. Ne2 Rac8 18. Rxc8 Rxc8 19. Rc1 Rxc1 20. Kxc1 d5 21. Kc2 f5 22. f3 fxe4 23. fxe4 f5 24. exf5 Bxf5 25. Kd2 h5 26. d4 Ke6 27. Ke3 Bg4 28. dxe5 Bxe2 29. Kxe2 Kxe5 30.
Ke3 b4 31. g3 a5 32. h3 d4+ 33. Kd3 Kd5 34. g4 hxg4 35. hxg4 1-0

[Event "Early-Titled-Tuesday-Blitz-January-23-2024"]
[Site "Chess.com"]
[Date "2024.01.23"]
[Round "10"]
[White "N4700000"]
[Black "Young_Catalan_Player09"]
[Result "1-0"]
[WhiteElo "2431"]
[BlackElo "2546"]
[TimeControl "180+1"]
[EndTime "9:54:55 PST"]
[Termination "N4700000 won by resignation"]

1. e4 c6 2. Nf3 d5 3. exd5 cxd5 4. d4 Nc6 5. Ne5 Nf6 6. c3 g6 7. Bd3 Bg7 8. O-O O-O 9. Re1 Nxe5 10. dxe5 Ne4 11.
Bf4 Qb6 12. Qe2 Bg4 13. Qc2 Rac8 14. Bxe4 dxe4 15. Nd2 Rfd8 16. Nxe4 Bf5 17. Qb3 Qc6 18. Ng5 e6 19. Nf3 b5 20. Nd4 Qc4 21. Rad1 Bd3 22.
Re3 Qxb3 23. axb3 Bc2 24. Ra1 Bxb3 25. Nxb3 1-0

[Event "Early-Titled-Tuesday-Blitz-January-23-2024"]
[Site "Chess.com"]
[Date "2024.01.23"]
[Round "10"]
[White "InitiatingASC"]
[Black "Pastore1978"]
[Result "0-1"]
[WhiteElo "2421"]
[BlackElo "2291"]
[TimeControl "180+1"]
[EndTime "9:54:57 PST"]
[Termination "Pastore1978 won by resignation"]

1. d3 c5 2. g3 g6 3. Bg2 Bg7 4. e4 Nc6 5. Ne2 a6 6. c3 e5 7. Na3 Nge7 8. Nc4 d6 9. a4 O-O 10. O-O f5 11. Bg5 h6 12. Bxe7 Qxe7 13. Nb6 Rb8 14. Nxc8 Rbxc8 15. exf5 gxf5 16. Bd5+ Kh8 17. f4 e4 18. dxe4 fxe4 19. Qc2 Rce8 20. Rae1 e3 21.
Rf3 Qd7 22. Nc1 Ne7 23. c4 Nxd5 24. cxd5 Bd4 25. Ne2 Qf5 26. Qb3 Re7 27. Kg2 Qf6 28. Nxd4 cxd4 29. Qd3 Rc7 30. Rd1 Re8 31. Qxd4 Qxd4 32.
Rxd4 e2 0-1

[Event "Early-Titled-Tuesday-Blitz-January-23-2024"]
[Site "Chess.com"]
[Date "2024.01.23"]
[Round "10"]
[White "Laico"]
[Black "FREDERICKtheMATE"]
[Result "0-1"]
[WhiteElo "2369"]
[BlackElo "2575"]
[TimeControl "180+1"]
[EndTime "9:54:58 PST"]
[Termination "FREDERICKtheMATE won on time"]

1. e4 c5 2. Nc3 Nc6 3. f4 g6 4. Nf3 Bg7 5. Bb5 Nd4 6. O-O a6 7. Bc4 b5 8. Bd5 Rb8 9. d3 e6 10. Bb3 Ne7 11. Nxd4 Bxd4+ 12. Kh1 f5 13. e5 Bxc3 14.
bxc3 Bb7 15. Qe2 Nc6 16. Be3 Qe7 17. Qf2 c4 18. Bc5 Qg7 19. dxc4 bxc4 20. Bxc4 Na5 21. Bd3 g5 22. Rab1 Rg8 23. Bb6 gxf4 24. Rg1 Bd5 25. Bf1 Nc4 26. Bxc4 Bxc4 27. Bc7 Rxb1 28. Rxb1 Kf7 29.
Bd6 Bd5 30. Rg1 Qg4 31. Qh4 Bxg2+ 0-1

[Event "Early-Titled-Tuesday-Blitz-January-23-2024"]
[Site "Chess.com"]
[Date "2024.01.23"]
[Round "10"]
[White "Flaccidmoves"]
[Black "Knightmare1014"]
[Result "1-0"]
[WhiteElo "2455"]
[BlackElo "2313"]
[TimeControl "180+1"]
[EndTime "9:55:02 PST"]
[Termination "Flaccidmoves won by resignation"]

1. Nf3 d5 2. c4 e6 3. e3 Nf6 4.
b3 Be7 5. Bb2 c5 6. d4 Nc6 7. cxd5 exd5 8. Be2 O-O 9. O-O Bf5 10.
dxc5 Bxc5 11. Nd4 Bg6 12. Na3 Qe7 13. Nac2 Rac8 14. Rc1 Bb6 15. Nxc6 bxc6 16. Bd3 Ne4 17. Nd4 Rfd8 18. Nxc6 Rxc6 19. Rxc6 f6 20. Qc2 Qd7 21.
Rc1 Qg4 22. Rc8 Rxc8 23. Qxc8+ Qxc8 24. Rxc8+ Kf7 25. Bd4 Bxd4 26. exd4 Bf5 27. Ra8 Bd7 28.
Rxa7 Ke6 29. b4 Kd6 30. b5 Nc3 31. b6 Bc6 32. b7 Kc7 33. Ba6 Ne4 34. Ra8 Bxb7 35.
Ra7 Nd6 36. Bxb7 Nxb7 37. Kf1 Kb6 38. Ra8 Nd6 39. Rg8 g6 40. Rg7 Nf5 41. Rxh7 Nxd4 42. Rh6 Kc5 43. Rxg6 Nc2 44. Ke2 d4 45. h4 Kc4 46.
Kd2 Na3 47. h5 Nb1+ 48. Kc1 Na3 49. h6 Kc3 50. Rg3+ d3 51. h7 1-0

[Event "Early-Titled-Tuesday-Blitz-January-23-2024"]
[Site "Chess.com"]
[Date "2024.01.23"]
[Round "10"]
[White "anasta10"]
[Black "diamonds13"]
[Result "1-0"]
[WhiteElo "2510"]
[BlackElo "2334"]
[TimeControl "180+1"]
[EndTime "9:55:05 PST"]
[Termination "anasta10 won by resignation"]

1. Nf3 c5 2. c4 Nc6 3. g3 g6 4. Bg2 Bg7 5. O-O e5 6. Nc3 d6 7.
Rb1 Nge7 8. d3 Be6 9. a3 a5 10. Ne1 h6 11. Nc2 O-O 12. b4 axb4 13. axb4 Qc8 14.
bxc5 dxc5 15. Be3 Ra5 16. Na1 Nd4 17. Bxb7 Qd7 18. Bg2 Bh3 19. Nb3 Ra3 20. Nxc5 Qc8 21. Bxh3 Qxh3 22. Nb5 Ra2 23. Bxd4 exd4 24. Ra1 Rfa8 25.
Rxa2 Rxa2 26. Re1 Qf5 27. Qb1 Ra8 28. Nb3 h5 29. Nd2 h4 30. Nf3 hxg3 31. hxg3 Rb8 32. Qc1 Qh5 33. Qf4 Rd8 34. Qh4 Qxb5 35. cxb5 1-0

[Event "Early-Titled-Tuesday-Blitz-January-23-2024"]
[Site "Chess.com"]
[Date "2024.01.23"]
[Round "10"]
[White "LeoLV10"]
[Black "Better_Chess_Faster"]
[Result "1-0"]
[WhiteElo "2450"]
[BlackElo "2149"]
[TimeControl "180+1"]
[EndTime "9:55:07 PST"]
[Termination "LeoLV10 won by resignation"]

1. e4 Nf6 2. e5 Nd5 3. d4 d6 4. Nf3 dxe5 5. Nxe5 c6 6. Bc4 Be6 7. O-O g6 8. c3 Bg7 9. Re1 Nd7 10. Nxd7 Qxd7 11.
Nd2 O-O 12. Bd3 Bg4 13. f3 Bf5 14. Ne4 Rad8 15. g4 Bxe4 16. Bxe4 e5 17. dxe5 Rfe8 18. Bg5 f6 19. exf6 Bxf6 20. Bxd5+ cxd5 21. Bxf6 Rxe1+ 22. Qxe1 Rf8 23. g5 Qf5 24. Qe5 Qxf3 25. Rf1 Qg4+ 26. Kh1 Qe4+ 27. Qxe4 dxe4 28. Re1 Re8 29. Kg2 Kf7 30.
Kf2 h6 31. Ke3 hxg5 32. Bxg5 Re5 33. h4 Ra5 34. a3 Rb5 35. b4 a5 36. c4 Rb6 37. b5 Re6 38. Kf4 e3 39. Rxe3 1-0

[Event "Early-Titled-Tuesday-Blitz-January-23-2024"]
[Site "Chess.com"]
[Date "2024.01.23"]
[Round "10"]
[White "Nekoo04"]
[Black "Muslim_player_05"]
[Result "0-1"]
[WhiteElo "2370"]
[BlackElo "2511"]
[TimeControl "180+1"]
[EndTime "9:55:08 PST"]
[Termination "Muslim_player_05 won by resignation"]

1. d4 Nf6 2. c4 g6 3. Nc3 Bg7 4. e4 d6 5. Be2 O-O 6. Nf3 e5 7. Be3 Ng4 8. Bg5 f6 9. Bc1 Nc6 10. d5 Nd4 11. Nxd4 exd4 12. Qxd4 f5 13. Qd2 fxe4 14. Bxg4 Bxg4 15. O-O Qh4 16. Nxe4 Bf5 17. Ng3 Qxc4 18. Re1 Rae8 19. Nxf5 gxf5 20. b3 Qc3 21. Rxe8 Rxe8 0-1

[Event "Early-Titled-Tuesday-Blitz-January-23-2024"]
[Site "Chess.com"]
[Date "2024.01.23"]
[Round "10"]
[White "esrosenberg"]
[Black "dosto07"]
[Result "0-1"]
[WhiteElo "2354"]
[BlackElo "2537"]
[TimeControl "180+1"]
[EndTime "9:55:09 PST"]
[Termination "dosto07 won by resignation"]

1. c4 e5 2. g3 Nf6 3. Bg2 Nc6 4. Nc3 Bb4 5. Nd5 Bc5 6. e3 Nxd5 7. cxd5 Ne7 8. Ne2 d6 9. O-O O-O 10. Qc2 Bb6 11. f4 Bf5 12. d3 Qd7 13. Kh1 Bh3 14.
e4 Bxg2+ 15. Kxg2 f5 16. b3 c6 17. Bb2 cxd5 18. fxe5 Rac8 19. Qd2 dxe4 20. dxe4 Qc6 21. exd6 Qxe4+ 22. Rf3 Rc2 23. Qxc2 Qxc2 24. dxe7 Qxe2+ 25. Kh3 Qxf3 26. exf8=Q+ Kxf8 27. Ba3+ Kf7 28. Rc1 g5 29. Rc8 f4 30. Rf8+ Kg7 0-1

[Event "Early-Titled-Tuesday-Blitz-January-23-2024"]
[Site "Chess.com"]
[Date "2024.01.23"]
[Round "10"]
[White "Vazabanga"]
[Black "WhiteKnight2612"]
[Result "1-0"]
[WhiteElo "2698"]
[BlackElo "2857"]
[TimeControl "180+1"]
[EndTime "9:55:11 PST"]
[Termination "Vazabanga won by checkmate"]

1. d4 c5 2. d5 Nf6 3. Nf3 b5 4. a4 b4 5. Nbd2 Nxd5 6. e4 Nc7 7.
Nc4 Nc6 8. e5 d5 9. exd6 exd6 10. Ne3 Be6 11. Bb5 Nxb5 12. axb5 Ne5 13. Nxe5 dxe5 14.
Qf3 Ke7 15. O-O f6 16. Rd1 Qb8 17. Qc6 Kf7 18. b6 a5 19. Nd5 Ra6 20. Be3 Bd6 21. Bxc5 Bxc5 22. Qxc5 Rc8 23. Qe7+ Kg6 24. Qxe6 Rxc2 25.
Ne7+ Kh6 26. Qh3+ Kg5 27. Qg3+ Kh6 28. Qh4# 1-0

[Event "Early-Titled-Tuesday-Blitz-January-23-2024"]
[Site "Chess.com"]
[Date "2024.01.23"]
[Round "10"]
[White "DarZay"]
[Black "tolia123"]
[Result "0-1"]
[WhiteElo "2256"]
[BlackElo "2118"]
[TimeControl "180+1"]
[EndTime "9:55:11 PST"]
[Termination "tolia123 won by resignation"]

1. e4 c5 2. Nf3 g6 3. d4 cxd4 4.
Nxd4 Nc6 5. Nc3 Bg7 6. Be3 Nf6 7. Bc4 O-O 8. O-O d6 9. h3 Bd7 10. f4 Nxd4 11. Bxd4 Bc6 12. Qd3 Nd7 13. Bxg7 Kxg7 14. Qd4+ Nf6 15. Rae1 a6 16. Nd5 b5 17. Nxf6 exf6 18. Bb3 a5 19. a3 Re8 20. Rf3 d5 21. e5 fxe5 22. fxe5 Kg8 23. Rd3 Qe7 24. Bxd5 Rad8 25. Qe4 Qc5+ 26. Qd4 Qxd4+ 27. Rxd4 Rxd5 28. Rxd5 Bxd5 29. Kf2 Rc8 30. c3 Kf8 31. Kg3 Ke7 32. Kf4 Ke6 33. g4 h6 34. h4 Rc4+ 35. Kg3 Re4 36. Rb1 Kxe5 37. b4 a4 38. Rf1 Re3+ 39.
Kh2 f5 40. gxf5 gxf5 41. Rc1 f4 42. h5 Re2+ 43. Kh3 Ke4 44. Rd1 f3 45. Rd4+ Ke5 46. Kg3 f2 47. Rd1 Re1 0-1

[Event "Early-Titled-Tuesday-Blitz-January-23-2024"]
[Site "Chess.com"]
[Date "2024.01.23"]
[Round "10"]
[White "deribas12345"]
[Black "flomarechot"]
[Result "1-0"]
[WhiteElo "2460"]
[BlackElo "2284"]
[TimeControl "180+1"]
[EndTime "9:55:13 PST"]
[Termination "deribas12345 won by resignation"]

1. d4 Nf6 2. c4 d6 3. Nc3 e5 4. d5 g6 5. e4 Bg7 6. Nge2 O-O 7. Ng3 a5 8. Be2 Na6 9. O-O h5 10. Bg5 Nc5 11. Bxh5 gxh5 12. Nxh5 Bg4 13. Nxf6+ Bxf6 14. Qxg4 Bxg5 15. h4 f6 16. f4 exf4 17. Rxf4 Qd7 18. Rf5 Rf7 19. hxg5 Rg7 20. Raf1 fxg5 21. e5 dxe5 22. Qh5 Qe7 23. d6 Qe8 24. Qxe8+ Rxe8 25. dxc7 e4 26. Nd5 Nd7 27. Re5 Rc8 28. Ne7+ Rxe7 29. Rxe7 Nc5 30. Rff7 a4 31. Kf2 g4 32. Ke3 g3 33.
Rg7+ Kf8 34. Ref7+ Ke8 35. Rh7 Ne6 36. Re7+ Kf8 37.
Rxe6 1-0

[Event "Early-Titled-Tuesday-Blitz-January-23-2024"]
[Site "Chess.com"]
[Date "2024.01.23"]
[Round "10"]
[White "Arlo2024"]
[Black "Predo63"]
[Result "0-1"]
[WhiteElo "2301"]
[BlackElo "2469"]
[TimeControl "180+1"]
[EndTime "9:55:14 PST"]
[Termination "Predo63 won by resignation"]

1. e4 c6 2. d4 d5 3. exd5 cxd5 4. Bd3 Nc6 5. c3 g6 6. Nf3 Bf5 7. O-O Nf6 8. Re1 Bxd3 9. Qxd3 Bg7 10. Bf4 O-O 11.
Nbd2 e6 12. h4 Rc8 13. Ne5 Nxe5 14. Bxe5 Nd7 15. Bxg7 Kxg7 16. h5 Qh4 17. g3 Qxh5 18.
Kg2 Qf5 19. Qe3 h5 20. Nf3 Rh8 21. Rh1 Nf6 22. Ne5 Qe4+ 23. Qxe4 Nxe4 24. f3 Nd6 25. a4 Nc4 26. Rab1 Nxe5 27. dxe5 Rc4 28. Rh4 Rxh4 29. gxh4 Rc8 30. Rd1 Rc4 31. Rd4 Rxd4 32. cxd4 g5 33. hxg5 Kg6 34. f4 Kf5 35. Kg3 a5 36.
Kh4 Kxf4 37. Kxh5 Ke4 38. Kh6 Kxd4 39. Kg7 Kxe5 40. Kxf7 d4 41. g6 d3 42. g7 d2 43.
g8=Q d1=Q 44. Qg5+ Ke4 45. Qxa5 Qd5 46. Qxd5+ exd5 47. a5 d4 48. a6 bxa6 0-1

[Event "Early-Titled-Tuesday-Blitz-January-23-2024"]
[Site "Chess.com"]
[Date "2024.01.23"]
[Round "10"]
[White "artin10862"]
[Black "Harry_Rakkel"]
[Result "0-1"]
[WhiteElo "2830"]
[BlackElo "2678"]
[TimeControl "180+1"]
[EndTime "9:55:16 PST"]
[Termination "Harry_Rakkel won by resignation"]

1. e4 c6 2. d4 d5 3. e5 Bf5 4. h4 Qb6 5. c3 e6 6. Nd2 h6 7.
Ndf3 a5 8. Bd3 Bxd3 9. Qxd3 a4 10.
Ne2 Qa6 11. Qd1 Ne7 12. O-O Nc8 13. Be3 Nd7 14. b4 Ncb6 15. Qc2 Nc4 16. Nf4 Ndb6 17. Nh5 a3 18. Nd2 Nxd2 19. Bxd2 Qe2 20. Nf4 Qg4 21. g3 g5 22. Ng2 gxh4 23. Nxh4 Be7 24. Ng2 Nc4 25.
Qd1 h5 26. Bf4 Qg6 27. Ne3 O-O-O 28. Nxc4 dxc4 29. Kh2 Rdg8 30. Rg1 Qf5 31. Qb1 h4 32.
Qxf5 hxg3+ 33. Kg2 Rh2+ 34. Kf3 Rxf2+ 35. Ke4 exf5+ 36.
Kxf5 Rg5+ 37. Ke4 Rg4 0-1

[Event "Early-Titled-Tuesday-Blitz-January-23-2024"]
[Site "Chess.com"]
[Date "2024.01.23"]
[Round "10"]
[White "ViIIagra"]
[Black "Oleksandr_Bortnyk"]
[Result "1-0"]
[WhiteElo "2983"]
[BlackElo "3069"]
[TimeControl "180+1"]
[EndTime "9:55:17 PST"]
[Termination "ViIIagra won by resignation"]

1. d4 Nf6 2. Bf4 b6 3. e3 Bb7 4.
Nf3 d6 5. h3 Nbd7 6. Be2 e6 7.
O-O Be7 8. c4 h6 9. Nc3 g5 10.
Bh2 g4 11. hxg4 Nxg4 12. d5 Nxh2 13. Nxh2 e5 14. Bg4 Rg8 15. Ne4 Bc8 16. Qf3 a5 17.
Kh1 Rg7 18. Bf5 Bg5 19. g4 Qe7 20. a3 a4 21. Qh3 Kd8 22. f4 Bh4 23. g5 hxg5 24.
fxg5 Rxg5 25. Nxg5 Bxg5 26. Rg1 Nf8 27. Bxc8 Rxc8 28. Qf5 f6 29. Raf1 c6 30. Rxg5 fxg5 31. Qxf8+ Kd7 32. Qf5+ Kd8 33. Qg6 Rc7 34. Qg8+ Kd7 35. Rf7 1-0

[Event "Early-Titled-Tuesday-Blitz-January-23-2024"]
[Site "Chess.com"]
[Date "2024.01.23"]
[Round "10"]
[White "BM223344"]
[Black "BeardedNM"]
[Result "1-0"]
[WhiteElo "2529"]
[BlackElo "2201"]
[TimeControl "180+1"]
[EndTime "9:55:17 PST"]
[Termination "BM223344 won by resignation"]

1. d4 e6 2. c4 Nf6 3. Nf3 d5 4.
g3 Be7 5. Bg2 O-O 6. Nbd2 dxc4 7. Nxc4 c5 8. O-O Nc6 9. dxc5 Bxc5 10. a3 a5 11. Qc2 Qe7 12. Bg5 a4 13. Rac1 h6 14.
Bxf6 Qxf6 15. Ncd2 Bb6 16. Ne4 Qe7 17. Rfd1 Rd8 18.
e3 Bd7 19. Nc3 Be8 20. Rxd8 Qxd8 21. Nb5 Nb4 22. Qc4 Nd3 23. Rd1 Rc8 24. Qe4 Bxb5 25. Ne5 Rc2 26. Nxd3 Bxd3 27. Rxd3 Rc1+ 28. Bf1 Qc7 29. Qxa4 g6 30. Kg2 Qc2 31. Qxc2 Rxc2 32. Rb3 Bxe3 33. Rxe3 Rxb2 34. a4 Ra2 35. Bb5 Kf8 36.
Rc3 Ke7 37. Rc7+ Kf6 38. Rxb7 1-0

[Event "Early-Titled-Tuesday-Blitz-January-23-2024"]
[Site "Chess.com"]
[Date "2024.01.23"]
[Round "10"]
[White "HajiyevKanan"]
[Black "Matols"]
[Result "0-1"]
[WhiteElo "2557"]
[BlackElo "2387"]
[TimeControl "180+1"]
[EndTime "9:55:19 PST"]
[Termination "Matols won by checkmate"]

1. d4 d5 2. c4 c6 3. cxd5 cxd5 4. Nc3 Nf6 5. Nf3 Nc6 6. Bg5 Ne4 7. Bf4 e6 8. Rc1 Bb4 9. Qb3 O-O 10. e3 a5 11. Bd3 a4 12. Qc2 a3 13. Bxe4 dxe4 14. Nd2 axb2 15. Rb1 e5 16. Bxe5 Nxe5 17. dxe5 Qd3 18.
Qxd3 exd3 19. Nd5 Bxd2+ 20. Kxd2 Rxa2 21. Kxd3 Rd8 22. e4 Be6 23. Kc4 Ra4+ 24. Kb5 Rxe4 25.
Nc3 Red4 26. Rxb2 Bc4+ 27. Kb6 Ba6 28. Nb5 R4d5 29. Nc7 Rxe5 30. Nxa6 bxa6 31. Kxa6 Rd6+ 32. Ka7 Re7+ 33. Kb8 Rd8# 0-1